 Dungeon Crawl Stone Soup version 0.24.0-2-g5b39cebb1c (webtiles) character file.

Game seed: 4428778764718762081, levelgen mode: deterministic

4750 Mrkan the Cleaver (level 10, -21/90 HPs)
             Began as a Minotaur Abyssal Knight on Oct 31, 2019.
             Was an Elder of Lugonu.
             Killed from afar by Erica (29 damage)
             ... with a bolt of poison
             ... on level 9 of the Dungeon.
             The game lasted 00:17:00 (7791 turns).

Mrkan the Cleaver (Minotaur Abyssal Knight)         Turns: 7791, Time: 00:17:02

Health: -21/90     AC: 12    Str: 20    XL:     10   Next: 23%
Magic:  14/14      EV: 13    Int:  9    God:    Lugonu [****..]
Gold:   339        SH:  0    Dex: 20    Spells: 9/9 levels left

rFire    . . .     SeeInvis .   z - +6 war axe of Dishonour {flame, +Rage rC++ Dex+5 Stlth+}
rCold    + + .     Gourm    .   (no shield)
rNeg     . . .     Faith    .   v - +0 chain mail
rPois    .         Spirit   .   (helmet restricted)
rElec    .         Reflect  .   f - scarf {repulsion}
rCorr    .         Harm     .   (no gloves)
MR       .....                  y - +0 pair of boots
Stlth    +.........             (no amulet)
HPRegen  0.25/turn              (no ring)
MPRegen  0.14/turn              (no ring)

@: agile, lethally poisoned (-21 -> -31), slowed, repel missiles, very slow
A: retaliatory headbutt, horns 2
a: Depart the Abyss, Bend Space, Banish, Corrupt, Renounce Religion, Evoke
Berserk Rage


You were on level 9 of the Dungeon.
You worshipped Lugonu.
Lugonu was greatly pleased with you.
You were hungry.

You visited 2 branches of the dungeon, and saw 9 of its levels.
You visited the Abyss 1 time.

You collected 339 gold pieces.

Inventory:

Hand Weapons
 z - the +6 war axe of Dishonour (weapon) {flame, +Rage rC++ Dex+5 Stlth+}
   (You found it on level 6 of the Dungeon)

   It has been specially enchanted to burn those struck by it, causing extra
   injury to most foes and up to half again as much damage against particularly
   susceptible opponents.
   Big, fiery blades are also staple armaments of hydra-hunters.
   It affects your dexterity (+5).
   It greatly protects you from cold.
   It lets you go berserk.
   It makes you more stealthy.
Missiles
 K - 8 silver boomerangs (quivered)
Armour
 f - a scarf of repulsion (worn)
 s - a +2 cloak
 v - a +0 chain mail (worn)
 y - a +0 pair of boots (worn)
 L - a +0 plate armour
Jewellery
 d - a cursed amulet of inaccuracy {unknown}
 h - a +6 ring of intelligence {unknown}
 i - an uncursed ring of resist corrosion {unknown}
 l - an uncursed ring of wizardry {unknown}
 m - a +1 ring of evasion {unknown}
 w - a +1 ring of protection {unknown}
 A - an uncursed ring of protection from fire {unknown}
 H - an uncursed ring of resist corrosion {unknown}
Wands
 C - a wand of disintegration (18)
 I - a wand of digging (2)
Scrolls
 e - a scroll of blinking
 g - 3 scrolls of identify
 j - 2 scrolls of amnesia
 k - 3 scrolls of teleportation
 o - 2 scrolls of noise
 t - a scroll of enchant armour
 x - 2 scrolls of remove curse
 B - a scroll of magic mapping
 G - a scroll of acquirement
Potions
 a - a potion of invisibility {unknown}
 b - 2 potions of curing
 q - a potion of agility
 r - a potion of cancellation {unknown}
 D - a potion of heal wounds {unknown}
 F - a potion of ambrosia {unknown}
Comestibles
 c - 14 rations


   Skills:
 + Level 8.9 Fighting
 * Level 11.4 Axes
 + Level 8.4 Armour
 - Level 1.1 Dodging
 + Level 6.9 Invocations


You had 9 spell levels left.
You didn't know any spells.
Your spell library was empty.

Dungeon Overview and Level Annotations

Branches:
Dungeon (9/15)             Temple (1/1) D:7
   Lair: D:8-11         Orc: D:9-12

Altars:
Ashenzari
Gozag
Hepliaklqana
Kikubaaqudgha
Makhleb
Nemelex Xobeh
Qazlal
Ru
Sif Muna
Trog
Uskayaw
Vehumet
Wu Jian
Xom
Yredelemnul
Zin
The Shining One
Lugonu

Annotations:
D:3 2 transporters, Stajl's ghost, amateur VSFi
D:9 Erica


Innate Abilities, Weirdness & Mutations

You reflexively headbutt those who attack you in melee.
You have a pair of horns on your head.


Message History

You hear some strange, mumbled words.
A bolt of poison appears from out of thin air!
The bolt of poison hits you!
You are poisoned.
* * * LOW HITPOINT WARNING * * *
Something hits you!
* * * LOW HITPOINT WARNING * * *
Something burns you.
* * * LOW HITPOINT WARNING * * *
You feel better. Something hits you but does no damage. Something hits you.
* * * LOW HITPOINT WARNING * * *
Something burns you.
* * * LOW HITPOINT WARNING * * *
You feel agile all of a sudden. Something hits you but does no damage.
You hear some strange, mumbled words.
A bolt of poison appears from out of thin air!
The bolt of poison hits you!!
You are lethally poisoned!
You die...

.. . . ##. ..#
#.# #.### ###
#@#..(..
#{#.#.##
#J#o...##
#o#.#.#[###
#...?......
###.#.#.###
### #....#
##.## #.#.##
##.#.#####.#.#


You could see a jelly and an orc.

Vanquished Creatures
  Harold (D:8)
  Psyche (D:8)
  A hippogriff (D:7)
  Grum (D:8)
  2 soldier ants (D:8)
  A water moccasin (D:7)
  3 orc warriors
  An ice beast (D:8)
  A phantom (D:8)
  A hornet zombie (D:7)
  A black bear (D:8)
  5 sky beasts
  An eye of draining (D:8)
  2 centaurs
  3 wolves (D:8)
  A crocodile (D:8)
  A bullfrog (D:6)
  2 scorpions (D:8)
  5 killer bees (D:8)
  2 howler monkeys
  3 crimson imps
  2 bullfrog zombies
  3 hounds
  A jelly (D:7)
  3 orc priests
  A gnoll shaman (D:7)
  7 orc wizards
  2 iguanas
  5 worker ants
  4 gnolls (D:7)
  5 adders
  A howler monkey skeleton (D:4)
  A shadow imp (D:7)
  2 adder skeletons
  3 worms
  3 dart slugs
  5 leopard geckos
  19 orcs
  2 ball pythons (D:2)
  A bat (D:2)
  5 giant cockroaches
  6 hobgoblins
  8 jackals
  5 quokkas
  A frilled lizard (D:2)
  9 goblins
  A jackal skeleton (D:6)
  A jackal zombie (D:4)
  2 kobolds
  6 rats
153 creatures vanquished.

Vanquished Creatures (others)
  A wizard (D:8)
  A sky beast (D:6)
2 creatures vanquished.

Grand Total: 155 creatures vanquished

Notes
Turn   | Place    | Note
-------+----------+-------------------------------------------
     0 | Abyss:1  | Mrkan the Minotaur Abyssal Knight began the quest for the
                  | Orb.
     0 | Abyss:1  | Reached XP level 1. HP: 19/19 MP: 1/1
    88 | Abyss:2  | Noticed an iron imp
    88 | Abyss:2  | Noticed a stone giant skeleton
    90 | D:1      | Escaped the Abyss
   219 | D:1      | Reached * piety under Lugonu
   242 | D:1      | Reached XP level 2. HP: 27/27 MP: 2/2
   361 | D:1      | Reached skill level 3 in Axes
  1155 | D:2      | Reached XP level 3. HP: 27/33 MP: 3/3
  1979 | D:3      | Reached XP level 4. HP: 36/40 MP: 4/4
  2027 | D:3      | Reached ** piety under Lugonu
  2232 | D:3      | Found a transporter.
  2233 | D:3      | Noticed an ogre
  2233 | D:3      | Noticed Stajl's ghost (amateur VSFi)
  2234 | D:3      | Noticed an ogre
  2237 | D:3      | Found a transporter.
  2415 | D:3      | Found a shattered altar of Ashenzari.
  2702 | D:4      | Reached skill level 4 in Axes
  2798 | D:4      | Reached XP level 5. HP: 47/47 MP: 6/6
  2932 | D:4      | Noticed a sky beast
  2946 | D:4      | Found a glowing golden altar of the Shining One.
  2964 | D:4      | Killed a sky beast
  2964 | D:4      | Reached skill level 5 in Axes
  3018 | D:4      | Reached XP level 6. HP: 20/55 MP: 7/7
  3392 | D:4      | You fall into a shaft and drop 2 floors!
  3411 | D:6      | Reached skill level 5 in Fighting
  3685 | D:6      | Got a translucent war axe
  3686 | D:6      | Identified the +6 war axe of Dishonour {flame, +Rage rC++
                  | Dex+5 Stlth+} (You found it on level 6 of the Dungeon)
  3796 | D:6      | Found a shimmering blue altar of Sif Muna.
  3882 | D:6      | Noticed an orc warrior
  3889 | D:6      | Killed an orc warrior
  3889 | D:6      | Reached skill level 6 in Axes
  3889 | D:6      | Reached XP level 7. HP: 39/61 MP: 8/8
  4041 | D:6      | Reached skill level 5 in Armour
  4179 | D:6      | Reached skill level 7 in Axes
  4379 | D:6      | Reached *** piety under Lugonu
  4391 | D:6      | Found a sacrificial altar of Ru.
  4781 | D:7      | Reached XP level 8. HP: 39/70 MP: 10/10
  4926 | D:7      | Reached skill level 8 in Axes
  4966 | D:7      | Found a shimmering altar of Xom.
  4966 | D:7      | Found a shimmering altar of Xom.
  4968 | D:7      | Found a shimmering altar of Xom.
  4968 | D:7      | Found a shimmering altar of Xom.
  4968 | D:7      | Found a shimmering altar of Xom.
  4968 | D:7      | Found a shimmering altar of Xom.
  4971 | D:7      | Found a shimmering altar of Xom.
  4971 | D:7      | Found a shimmering altar of Xom.
  5066 | D:7      | Noticed a hippogriff
  5070 | D:7      | Killed a hippogriff
  5070 | D:7      | Reached skill level 5 in Invocations
  5296 | D:7      | Found a staircase to the Ecumenical Temple.
  5319 | Temple   | Entered the Ecumenical Temple
  5612 | D:7      | Noticed an orb spider
  5778 | D:8      | Reached skill level 9 in Axes
  5784 | D:8      | Noticed Psyche
  5831 | D:8      | Reached XP level 9. HP: 72/79 MP: 12/12
  5979 | D:8      | Found a hide-covered altar of Uskayaw.
  6004 | D:8      | Found a radiant altar of Vehumet.
  6015 | D:8      | Noticed Harold
  6029 | D:8      | Killed Harold
  6029 | D:8      | Reached skill level 10 in Axes
  6088 | D:8      | Reached **** piety under Lugonu
  6091 | D:8      | Killed Psyche
  6678 | D:8      | Noticed Grum
  6688 | D:8      | Reached skill level 11 in Axes
  6692 | D:8      | Killed Grum
  6692 | D:8      | Reached XP level 10. HP: 21/90 MP: 12/14
  7023 | D:8      | Found a bloodstained altar of Trog.
  7025 | D:8      | Noticed a wizard
  7031 | D:8      | Killed a wizard
  7340 | D:8      | Found a burning altar of Makhleb.
  7490 | D:8      | Identified 2 scrolls of acquirement
  7754 | D:9      | Noticed Erica
  7791 | D:9      | Killed from afar by Erica

Levels and vault maps discovered:
D:1:      dpeg_arrival_long_road, layout_loops_ring
D:2:      layout_basic
D:3:      layout_loops_cross, nicolae_overflow_crystal_walls,
          gammafunk_ghost_smash
D:4:      layout_loops_ring, kennysheep_little_box, old_standard_altar,
          uniq_robin
D:6:      lemuel_ice_spiral_2, layout_basic, lemuel_coloured_pillars_altar,
          lemuel_round_altar
D:7:      layout_loops_corners, xom_shifter_show, minmay_temple_entry_poolview
D:8:      layout_gridville, old_standard_altar, old_standard_altar,
          bloody_makhleb, hangedman_pestilent_swarm, mumra_transporter_accident,
          moated_statue, trog_wizard, uniq_psyche, uniq_harold, uniq_grum
D:9:      layout_loops_ring, amethyst_overflow_temple_binary,
          nicolae_overflow_hidden_temple, uniq_maurice, uniq_erica
Temple:   corrupted_temple

Skill      XL: |  1  2  3  4  5  6  7  8  9 |
---------------+----------------------------+-----
Invocations    | 2 3 4 5 6 |  6.9
Axes           | 3 4 5 6 7 9 11 | 11.4
Fighting       | 4 5 6 7 8 |  8.9
Armour         | 3 4 5 6 8 |  8.4
Dodging        | |  1.1

Action                   |  1- 3 |  4- 6 |  7- 9 | 10-12 || total
-------------------------+-------+-------+-------+-------++-------
Melee: Hand axe          |    48 |       |       |       ||    48
       Headbutt          |     5 |    17 |    32 |     6 ||    60
       War axe           |    30 |    98 |   163 |    50 ||   341
Invok: Depart the Abyss  |     1 |       |       |       ||     1
       Bend Space        |       |     1 |       |       ||     1
  Use: Potion            |       |     1 |       |     2 ||     3
       Scroll            |       |       |       |    14 ||    14
 Stab: Invisible         |       |       |     1 |       ||     1
  Eat: Chunk             |     3 |     6 |     9 |     3 ||    21
Armor: Leather armour    |    16 |     4 |       |       ||    20
       Chain mail        |       |    45 |   113 |    44 ||   202
Dodge: Dodged            |    48 |    31 |    64 |    22 ||   165
       Deflected         |       |       |       |     3 ||     3
